 Dungeon Crawl Stone Soup version 0.17-a0-1927-g319369b (webtiles) character file.

490 Kuldar the Magician (level 6, 0/32 HPs)
             Began as a Deep Elf Wizard on Sept 29, 2015.
             Killed from afar by an orc wizard (6 damage)
             ... with a puff of flame
             ... on level 4 of the Dungeon.
             The game lasted 00:12:34 (2441 turns).

Kuldar the Magician (Deep Elf Wizard)               Turns: 2441, Time: 00:12:34

Health: 0/32       AC:  2    Str:  4    XL:     6   Next: 90%
Magic:  0/18       EV: 12    Int: 25    God:
Gold:   136        SH:  0    Dex: 13    Spells: 5 memorised, 8 levels left

rFire  . . .     SeeInvis .     (no weapon)
rCold  . . .     Clarity  .     a - +0 robe
rNeg   . . .     SustAt   .     (no shield)
rPois  .         Gourm    .     b - +0 hat
rElec  .         Spirit   .     (no cloak)
rCorr  .         Warding  .     (no gloves)
rMut   .         Stasis   .     (no boots)
MR     .....                    (no amulet)
Stlth  ++........               (no ring)
                                (no ring)

@: not resistant to hostile enchantments, unstealthy
A: no striking features
a: no special abilities


You were on level 4 of the Dungeon.
You were hungry.

You visited 1 branch of the dungeon, and saw 5 of its levels.

You collected 136 gold pieces.

Inventory:

Armour
 a - a +0 robe (worn)
 b - a +0 hat (worn)
Jewellery
 h - a +2 ring of dexterity {unknown}
 k - an uncursed ring of poison resistance {unknown}
Magical devices
 x - a wand of digging (7)
Scrolls
 e - 4 scrolls of identify {unknown}
 g - a scroll of noise {unknown}
 l - 4 scrolls of amnesia {unknown}
 m - a scroll of random uselessness {unknown}
 p - a scroll of magic mapping {unknown}
 q - a scroll of teleportation {unknown}
 r - a scroll of remove curse {unknown}
 s - 2 scrolls of recharging {unknown}
 t - a scroll of blinking {unknown}
 u - a scroll of fog {unknown}
 y - a scroll of fear {unknown}
Potions
 i - 3 potions of lignification {unknown}
 n - 3 potions of curing {unknown}
 o - 2 potions of poison {unknown}
 v - a potion of cancellation {unknown}
 w - a potion of resistance {unknown}
Books
 c - a book of Minor Magic

   Spells                             Type                      Level
   a - Magic Dart                     Conjuration                  1
   b - Blink                          Translocation                2
   c - Call Imp                       Summoning                    2
   d - Repel Missiles                 Charms/Air                   2
   e - Slow                           Hexes                        2
   f - Conjure Flame                  Conjuration/Fire             3
   g - Mephitic Cloud                 Conjuration/Poison/Air       3
Comestibles
 d - 2 bread rations
 f - 4 meat rations
 j - 7 fruits


   Skills:
 - Level 2.4 Dodging
 - Level 2.4 Stealth
 * Level 7.3 Spellcasting
 * Level 6.2 Conjurations
   Level 1.1 Summonings
 - Level 1.1 Translocations


You had 8 spell levels left.
You knew the following spells:

 Your Spells              Type           Power        Failure   Level  Hunger
a - Magic Dart            Conj           ####         1%          1    None
b - Blink                 Tloc           N/A          10%         2    None
c - Repel Missiles        Chrm/Air       #.....       12%         2    None
e - Conjure Flame         Conj/Fire      ###.....     8%          3    None
h - Mephitic Cloud        Conj/Pois/Air  ###.....     12%         3    None


Dungeon Overview and Level Annotations

Branches:
Dungeon (5/15)
 Temple: D:4-7

Altars:
Trog

Annotations:
D:5 Prince Ribbit


Message History

Aiming: Magic Dart
Press: ? - help, Shift-Dir - straight line, f/p - orc wizard
Aim: an orc wizard, wielding a dagger and wearing a robe (severely wounded)
The magic dart hits the orc wizard.
The orc wizard is almost dead.
Wield which item (- for none, * to show all)? (? for menu, Esc to quit)
Okay, then.
Evoke which item? (* to show all) (? for menu, Esc to quit)
Okay, then.
You hit the orc wizard.
The orc wizard is almost dead.
The orc wizard points at you and mumbles some strange words.
The magic dart hits you!
* * * LOW HITPOINT WARNING * * *
Unknown command.
The orc wizard gestures at you while chanting.
You resist with some effort.
The orc wizard points at you and mumbles some strange words.
The puff of flame hits you!
You die...

###.............#
.................
.......>.........
.................
####+##+#.......#
+o......#
#.......+
#.......#
#@......#
#..........
+..........
#..........
#..........
#..........
########+#.


You could see an orc wizard.

Vanquished Creatures
  The ghost of Hanibal the Cutter, an average KoBe of Trog (D:3)
  An ogre (D:3)
  A centaur (D:5)
  A hound (D:5)
  2 orc priests (D:3)
  A worker ant (D:5)
  2 adders (D:3)
  4 worms (D:2)
  4 giant geckos
  4 orcs
  12 bats
  2 giant cockroaches
  9 goblins
  7 hobgoblins
  3 jackals (D:3)
  4 ball pythons
  A giant newt (D:1)
  2 kobolds (D:1)
  6 rats
67 creatures vanquished.

Notes
Turn   | Place    | Note
--------------------------------------------------------------
     0 | D:1      | Kuldar the Deep Elf Wizard began the quest for the Orb.
     0 | D:1      | Reached XP level 1. HP: 10/10 MP: 7/7
   202 | D:1      | Reached XP level 2. HP: 13/15 MP: 3/9
   806 | D:2      | Reached XP level 3. HP: 19/19 MP: 8/10
  1067 | D:2      | Learned a level 2 spell: Blink
  1070 | D:2      | Learned a level 2 spell: Repel Missiles
  1074 | D:2      | Learned a level 3 spell: Conjure Flame
  1381 | D:2      | Found a bloodstained altar of Trog.
  1631 | D:3      | Noticed an ogre
  1648 | D:3      | Killed an ogre
  1648 | D:3      | Reached skill level 5 in Spellcasting
  1648 | D:3      | Reached XP level 4. HP: 24/24 MP: 0/13
  1648 | D:3      | Reached XP level 5. HP: 28/28 MP: 0/15
  1653 | D:3      | Learned a level 3 spell: Mephitic Cloud
  2070 | D:3      | Reached skill level 5 in Conjurations
  2073 | D:3      | Reached skill level 6 in Spellcasting
  2187 | D:3      | Noticed Hanibal's ghost (average KoBe)
  2218 | D:3      | Killed Hanibal's ghost
  2218 | D:3      | Reached XP level 6. HP: 32/32 MP: 6/17
  2257 | D:3      | You fall through a shaft for 2 floors!
  2257 | D:5      | Entered Level 5 of the Dungeon
  2314 | D:5      | Reached skill level 7 in Spellcasting
  2415 | D:5      | Noticed Prince Ribbit
  2441 | D:4      | Killed from afar by an orc wizard

Vault maps used:
D:1:      dpeg_arrival_tiny_a
D:2:      lemuel_coloured_pillars_altar, minivault_24, grunt_decor_one_mirror
D:3:      good_gods_temple_1, first_bread
D:4:      lemuel_crystal_altar, minmay_temple_entry_water_ring, serial_bayou,
          serial_bayou_ford_a, serial_bayou_shore_a, serial_bayou_pond_c,
          serial_bayou_pond_b, uniq_grinder, uniq_natasha, uniq_menkaure
D:5:      serial_shops, shop_statue, uniq_prince_ribbit1, uniq_duvessa

Action                   |  1- 3 |  4- 6 || total
-------------------------+-------+-------++-------
Melee: Unarmed           |       |     1 ||     1
 Cast: Magic Dart        |    98 |    63 ||   161
       Conjure Flame     |     3 |     3 ||     6
       Mephitic Cloud    |       |     3 ||     3
       Repel Missiles    |       |     1 ||     1
       Blink             |       |     2 ||     2
  Eat: Chunk             |     2 |     2 ||     4
